 Dungeon Sprint DCSS version 0.16.1-28-gcc2312f (webtiles) character file.

436 Kidiri the Thaumaturge (level 6, -11/48 HPs)
             Began as a Deep Elf Fire Elementalist on May 28, 2015.
             Was an Elder of Sif Muna.
             Killed by drain life
             ... invoked by a death knight
              (13 damage)
             ... in the Dungeon (Sprint VII: "The Pits").
             The game lasted 00:14:37 (1036 turns).

Kidiri the Thaumaturge (Deep Elf Fire Elementalist) Turns: 1036, Time: 00:14:37

Health: -11/48     AC:  2    Str: 10    XL:     6   Next: 68%
Magic:  6/25       EV: 16    Int: 22    God:    Sif Muna [****..]
Gold:   0          SH:  0    Dex: 15    Spells: 6 memorised, 6 levels left

rFire  . . .     SeeInvis .     m - staff of energy
rCold  . . .     Clarity  .     a - +0 robe
rNeg   . . .     SustAb   .     (no shield)
rPois  .         Gourm    .     (no helmet)
rElec  .         Spirit   .     (no cloak)
rCorr  .         Warding  .     (no gloves)
rMut   .         NoTele   +     (no boots)
MR     .....                    (no amulet)
Stlth  ..........               (no ring)
                                (no ring)

@: berserking, very slightly contaminated, very quick, not resistant to hostile
enchantments, extremely unstealthy
A: no striking features
a: Channel Energy, Forget Spell, Renounce Religion


You were in the Dungeon.
You worshipped Sif Muna.
Sif Muna was greatly pleased with you.
You were not hungry.

You visited 1 branch

Inventory:

Armour
 a - a +0 robe (worn)
Magical staves
 m - an uncursed staff of energy (weapon)
Scrolls
 n - 3 scrolls of remove curse
 o - 5 scrolls of amnesia
Potions
 d - 5 potions of curing
 f - a potion of haste
 g - 3 potions of magic
Books
 b - a book of Flames

   Spells                             Type                      Level
   a - Flame Tongue                   Conjuration/Fire             1
   b - Throw Flame                    Conjuration/Fire             2
   c - Conjure Flame                  Conjuration/Fire             3
   d - Inner Flame                    Hexes/Fire                   3
   e - Sticky Flame                   Conjuration/Fire             4
   f - Fireball                       Conjuration/Fire             5
Comestibles
 c - 8 bread rations
 j - 40 fruits
 k - 6 meat rations


   Skills:
 + Level 6.4 Dodging
 + Level 6.9 Stealth
 * Level 9.9 Spellcasting
 * Level 8.1 Conjurations
 * Level 8.5 Fire Magic


You had 6 spell levels left.
You knew the following spells:

 Your Spells              Type           Power        Failure   Level  Hunger
a - Flame Tongue          Conj/Fire      #####        1%          1    None
b - Throw Flame           Conj/Fire      #####.       1%          2    None
c - Conjure Flame         Conj/Fire      #####...     1%          3    None
d - Inner Flame           Hex/Fire       ####....     3%          3    None
e - Sticky Flame          Conj/Fire      #####...     1%          4    None
f - Fireball              Conj/Fire      #####.....   8%          5    None


Dungeon Overview and Level Annotations

Branches:
Dungeon (1/1)

Altars:
Ashenzari
Cheibriados
Dithmenos
Elyvilon
Fedhas
Gozag
Kikubaaqudgha
Makhleb
Nemelex Xobeh
Okawaru
Qazlal
Ru
Sif Muna
Trog
Vehumet
Xom
Yredelemnul
Zin
The Shining One
Beogh
Jiyva
Lugonu


Message History

The death knight closely misses you.
You hit the death knight but do no damage.
The death knight is heavily wounded.
The death knight misses you.
You hit the death knight.
The death knight is heavily wounded.
You barely miss the death knight.
The death knight is heavily wounded.
The death knight hits you with a great sword!!
Ouch! That really hurt!
You hit the death knight but do no damage.
The death knight is heavily wounded.
You hit the death knight.
The death knight is heavily wounded.
The death knight hits you with a great sword!!
* * * LOW HITPOINT WARNING * * *
You barely miss the death knight.
The death knight is heavily wounded.
The death knight draws from the surrounding life force!
You die...

#.#..####))##.......#
#.#..#..#))##.......#
#.#..#..#[[##.......#
#.##'#..#'###...<...#
#.#........##.......#
#.#........##.......#
#'###########.......#
#.......#÷. #########
#....@..#.# ####
#...#p..#.#....#
#..###..#§#....#
#...#...#s'..p.+
#...p...#'#....#
#.......')#....#
########### ####


You could see a death knight.

Vanquished Creatures
  A phantom (D)
  A water moccasin (D)
  Purgy (D)
  A crimson imp (D)
  A worker ant (D)
  An orc wizard (D)
  A river rat (D)
  An adder (D)
  2 adder skeletons (D)
  3 giant geckos (D)
  An orc (D)
  A kobold (D)
  A quokka (D)
  A ball python zombie (D)
  A giant cockroach (D)
  A giant newt (D)
  2 jackals (D)
21 creatures vanquished.

Vanquished Creatures (collateral kills)
  A crimson imp (D)
  An ufetubus (D)
2 creatures vanquished.

Vanquished Creatures (others)
  3 small abominations (D)
3 creatures vanquished.

Grand Total: 26 creatures vanquished

Notes
Turn   | Place    | Note
--------------------------------------------------------------
     0 | D        | Kidiri, the Deep Elf Fire Elementalist, began the quest for the Orb.
     0 | D        | Reached XP level 1. HP: 10/10 MP: 5/5
    15 | D        | Reached skill level 4 in Fire Magic
    26 | D        | Found a sacrificial altar of Ru.
    26 | D        | Found a basalt altar of Yredelemnul.
    26 | D        | Found a shadowy altar of Dithmenos.
    26 | D        | Found a deep blue altar of Sif Muna.
    26 | D        | Found a burning altar of Makhleb.
    26 | D        | Found a shimmering altar of Xom.
    26 | D        | Found an ancient bone altar of Kikubaaqudgha.
    26 | D        | Found a sparkling altar of Nemelex Xobeh.
    27 | D        | Found a glowing golden altar of the Shining One.
    27 | D        | Found a bloodstained altar of Trog.
    27 | D        | Found a shattered altar of Ashenzari.
    27 | D        | Found a white marble altar of Elyvilon.
    27 | D        | Found a snail-covered altar of Cheibriados.
    27 | D        | Found a blossoming altar of Fedhas.
    27 | D        | Found a radiant altar of Vehumet.
    27 | D        | Found a glowing silver altar of Zin.
    27 | D        | Found a corrupted altar of Lugonu.
    27 | D        | Found a viscous altar of Jiyva.
    27 | D        | Found a roughly hewn altar of Beogh.
    27 | D        | Found an iron altar of Okawaru.
    30 | D        | Became a worshipper of Sif Muna the Loreminder
    34 | D        | Found a stormy altar of Qazlal.
    35 | D        | Found an opulent altar of Gozag.
    73 | D        | Reached XP level 2. HP: 15/15 MP: 6/8
    79 | D        | Learned a level 2 spell: Throw Flame
   196 | D        | Noticed a crimson imp
   215 | D        | Killed a crimson imp
   215 | D        | Acquired Sif Muna's first power
   215 | D        | Reached skill level 5 in Spellcasting
   215 | D        | Reached skill level 5 in Fire Magic
   215 | D        | Reached XP level 3. HP: 19/19 MP: 1/14
   346 | D        | Learned a level 3 spell: Conjure Flame
   350 | D        | Learned a level 3 spell: Inner Flame
   350 | D        | Noticed a phantom
   357 | D        | Noticed a water moccasin
   363 | D        | Killed a phantom
   363 | D        | Acquired Sif Muna's second power
   363 | D        | Reached skill level 5 in Stealth
   363 | D        | Reached skill level 7 in Spellcasting
   363 | D        | Reached skill level 5 in Conjurations
   363 | D        | Reached XP level 4. HP: 12/24 MP: 0/20
   363 | D        | Reached XP level 5. HP: 14/28 MP: 0/22
   502 | D        | Killed a water moccasin
   502 | D        | Reached skill level 5 in Dodging
   502 | D        | Reached skill level 8 in Spellcasting
   502 | D        | Reached XP level 6. HP: 26/32 MP: 9/25
   508 | D        | Learned a level 4 spell: Sticky Flame
   514 | D        | Learned a level 5 spell: Fireball
   558 | D        | Noticed Purgy
   567 | D        | Killed Purgy
   567 | D        | Acquired Sif Muna's third power
   567 | D        | Reached skill level 9 in Spellcasting
   575 | D        | Noticed an orc wizard
   579 | D        | Killed an orc wizard
   663 | D        | Noticed a worker ant
   672 | D        | Killed a worker ant
   737 | D        | Noticed a crimson imp
   920 | D        | Killed a crimson imp
   927 | D        | Noticed a death knight
   927 | D        | Noticed a redback
  1035 | D        | HP: 2/48 [death knight/great sword (18)]
  1036 | D        | Killed from afar by a death knight

Action                   |  1- 3 |  4- 6 || total
-------------------------+-------+-------++-------
Melee: Staff             |     7 |    27 ||    34
 Cast: Flame Tongue      |    26 |    46 ||    72
       Throw Flame       |     4 |     6 ||    10
       Conjure Flame     |     1 |     5 ||     6
       Fireball          |       |     3 ||     3
       Sticky Flame      |       |     3 ||     3
       Inner Flame       |       |     1 ||     1
  Use: Potion            |     2 |    11 ||    13
       Scroll            |       |     2 ||     2
  Eat: Meat ration       |       |     1 ||     1
